 Dungeon Crawl Stone Soup version 0.30.0-10-gfe55d96785 (webtiles) character file.

Game seed: 3008962473694535083

53208 Esekla the Eclecticist (level 14, -11/72 HPs)
             Began as a Deep Elf Hedge Wizard on May 14, 2023.
             Was a Priest of Sif Muna.
             Killed from afar by an ironbound frostheart (25 damage)
             ... by creeping frost
             ... in an ice cave on May 15, 2023.
             The game lasted 03:01:23 (21710 turns).

Esekla the Eclecticist (Deep Elf Hedge Wizard)     Turns: 21710, Time: 03:01:24

Health: -11/72     AC:  7    Str:  7    XL:     14   Next: 30%
Magic:  33/36      EV: 19    Int: 25    God:    Sif Muna [***...]
Gold:   1534       SH:  0    Dex: 20    Spells: 4/46 levels left

rFire   . . .        a - +5 war axe (vamp)
rCold   . . .        (no shield)
rNeg    . . .        (no body armour)
rPois   .            E - +0 hat
rElec   .            (no cloak)
rCorr   .            X - +1 pair of gloves
SInv    .            j - +0 pair of boots
Will    +....        i - amulet of magic regeneration
Stlth   ++++         z - +6 ring of dexterity
HPRegen 0.32/turn    R - +4 ring of protection
MPRegen 0.65/turn

%: no passive effects
@: wereblooded, studying Axes
A: no striking features
a: Renounce Religion, Channel Magic, Forget Spell


You were in an ice cave.
You worshipped Sif Muna.
Sif Muna was most pleased with you.
You visited 3 branches of the dungeon, and saw 18 of its levels.
You visited the Abyss 1 time.
You also visited: Sewer and Ice Cave.

You collected 1798 gold pieces.
You spent 264 gold pieces at shops.

Inventory:

Hand Weapons
 a - a +5 vampiric war axe (weapon)
 e - the +7 long sword of Exquisite Torment {elec, rElec rC+ Dex-2}
   (You found it on level 3 of the Lair of Beasts)

   Dex:       It affects your dexterity (-2).
   rC:        It protects you from cold.
   rElec:     It insulates you from electricity.
 k - the +8 whip "Snakebite" {venom, curare, rPois}
   (You found it on level 2 of the Lair of Beasts)

   rPois:     It protects you from poison.
 r - a +3 spear of pain
 s - the +8 dagger of the Growing Messenger {pain, Str+5 Stlth+}
   (You found it on level 2 of the Dungeon)

   Str:       It affects your strength (+5).
   Stlth:     It makes you more stealthy.
Missiles
 C - 9 javelins
 M - 19 boomerangs (quivered)
 P - 23 poisoned darts
Armour
 b - a +1 leather armour of resistance
 j - a +0 pair of boots (worn)
 E - a +0 hat (worn)
 Q - a +4 troll leather armour
 T - a +0 crystal plate armour of cold resistance
 X - a +1 pair of gloves (worn)
Jewellery
 i - an amulet of magic regeneration (around neck)
 z - a +6 ring of dexterity (left hand)
 O - a ring of poison resistance
 R - a +4 ring of protection (right hand)
 S - the ring of the Dropbear {Fire Int+2}
   (You found it on level 11 of the Dungeon)

   [ring of fire]

   It enhances your fire magic.
   Int:       It affects your intelligence (+2).
   rF:        It protects you from fire.
   rC:        It makes you vulnerable to cold.
Wands
 f - a wand of flame (8)
 v - a wand of light (3)
 J - a wand of iceblast (19)
 K - a wand of paralysis (13)
Scrolls
 h - a scroll of immolation {unknown}
 n - 8 scrolls of teleportation
 p - 4 scrolls of fear
 t - a scroll of blinking
 w - 3 scrolls of enchant armour
 y - 2 scrolls of fog
 B - 4 scrolls of magic mapping
 D - 3 scrolls of silence
 I - 3 scrolls of poison
 L - 2 scrolls of acquirement {unknown}
 N - a scroll of brand weapon {unknown}
Potions
 c - a potion of curing
 d - a potion of magic
 g - 2 potions of flight {unknown}
 l - 2 potions of mutation {unknown}
 m - 4 potions of lignification {unknown}
 o - 3 potions of haste
 q - 3 potions of attraction {unknown}
 u - a potion of berserk rage {unknown}
 x - 5 potions of might
 A - a potion of brilliance {unknown}
 F - 4 potions of resistance {unknown}
 G - a potion of ambrosia {unknown}
 H - 2 potions of invisibility {unknown}


   Skills:
 + Level 2.7 Fighting
 + Level 4.0 Short Blades
 * Level 9.7 Axes
 + Level 3.8 Throwing
 - Level 4.3 Armour
 * Level 10.7 Dodging
 + Level 6.7 Stealth
 * Level 16.7 Spellcasting
 * Level 6.4 Conjurations
 + Level 1.1 Summonings
 + Level 9.5 Necromancy
 + Level 2.5 Translocations
 + Level 4.5 Transmutations
 + Level 1.2 Fire Magic
 * Level 4.6 Ice Magic
 + Level 5.8 Air Magic
 * Level 5.9 Earth Magic
 - Level 5.0 Poison Magic
 + Level 5.2 Invocations
 + Level 1.1 Evocations


You had 4 spell levels left.
You knew the following spells:

 Your Spells              Type           Power      Damage    Failure   Level
b - Blink                 Tloc           66%        N/A       1%          2
c - Mephitic Cloud        Conj/Pois/Air  49%        N/A       1%          3
d - Vampiric Draining     Necr           62%        2d10      1%          3
e - Searing Ray           Conj           100%       2d8       1%          2
h - Vhi's Electric Charg  Tloc/Air       82%        N/A       1%          3
k - Airstrike             Air            24%        2d(4-20)  2%          4
n - Ignite Poison         Fire/Tmut/Pois 38%        N/A       1%          3
p - Apportation           Tloc           66%        N/A       1%          1
u - Dispel Undead         Necr           62%        3d22      1%          4
v - Poisonous Vapours     Pois/Air       96%        N/A       1%          2
w - Wereblood             Tmut           43%        N/A       1%          2
x - Olgreb's Toxic Radia  Pois           46%        N/A       3%          4
y - Sticky Flame          Conj/Fire      40%        2d6       4%          4
z - Freezing Cloud        Conj/Ice/Air   24%        6-21      7%          5

Your spell library contained the following spells:

 Spells                   Type           Power      Damage    Failure   Level
 Beastly Appendage        Tmut           86%        N/A       1%          1
 Foxfire                  Conj/Fire      100%       2x1d9     1%          1
 Freeze                   Ice            100%       1d10      1%          1
 Kiss of Death            Conj/Necr      100%       2d13      1%          1
 Magic Dart               Conj           100%       1d8       1%          1
 Necrotise                Necr           100%       1d9       1%          1
 Shock                    Conj/Air       100%       1d9       1%          1
 Sting                    Tmut/Pois      100%       1d8       1%          1
 Summon Small Mammal      Summ           100%       N/A       1%          1
 Cigotuvi's Dreadful Rot  Necr/Pois/Air  100%       N/A       1%          2
 Ensorcelled Hibernation  Hex/Ice        64%        N/A       1%          2
 Momentum Strike          Conj/Tloc      86%        3d10      1%          2
 Passwall                 Tmut/Erth      39%        N/A       1%          2
 Static Discharge         Conj/Air       100%       2-7/arc   1%          2
 Sublimation of Blood     Necr           62%        N/A       1%          2
 Dazzling Flash           Conj/Hex       72%        N/A       1%          3
 Hailstorm                Conj/Ice       48%        3d11      1%          3
 Spider Form              Tmut/Pois      44%        N/A       1%          3
 Stone Arrow              Conj/Erth      100%       3d13      1%          3
 Swiftness                Air            49%        N/A       1%          3
 Animate Dead             Necr           62%        N/A       1%          4
 Slow                     Hex            80%        N/A       2%          1
 Call Imp                 Summ           52%        N/A       2%          2
 Teleport Other           Tloc           33%        N/A       2%          3
 Volatile Blastmotes      Fire/Tloc      60%        2d15      3%          3
 Anguish                  Hex/Necr       22%        N/A       3%          4
 Ice Form                 Ice/Tmut       43%        N/A       3%          4
 Call Canine Familiar     Summ           26%        N/A       4%          3
 Flame Wave               Conj/Fire      40%        2d11      4%          4
 Iskenderun's Mystic Bla  Conj/Tloc      43%        2d10      4%          4
 Summon Guardian Golem    Hex/Summ       23%        N/A       6%          3
 Fulminant Prism          Conj/Hex       18%        3d11      7%          4
 Confusing Touch          Hex            20%        N/A       8%          3
 Leda's Liquefaction      Hex/Erth       17%        N/A       8%          4
 Summon Ice Beast         Ice/Summ       35%        N/A       8%          4
 Manifold Assault         Tloc           33%        N/A       9%          4
 Cause Fear               Hex            10%        N/A       24%         4
 Agony                    Necr           62%        N/A       1%          5
 Borgnjor's Vile Clutch   Necr/Erth      28%        N/A       2%          5
 Arcjolt                  Conj/Air       25%        1d35      5%          5
 Lee's Rapid Deconstruct  Erth           25%        3d14*     6%          5
 Death Channel            Necr           31%        N/A       8%          6
 Alistair's Intoxication  Tmut/Pois      29%        N/A       10%         5
 Simulacrum               Ice/Necr       27%        N/A       21%         6
 Conjure Ball Lightning   Conj/Air       25%        3x3d7     30%         6
 Iron Shot                Conj/Erth      25%        9d5       30%         6
 Statue Form              Tmut/Erth      31%        N/A       41%         6
 Eringya's Noxious Bog    Tmut/Pois      22%        N/A       47%         6
 Summon Mana Viper        Hex/Summ       23%        N/A       50%         5
 Orb of Destruction       Conj           26%        9d9       83%         7
 Summon Cactus Giant      Summ           13%        N/A       94%         6
 Storm Form               Tmut/Air       23%        N/A       94%         7
 Infestation              Necr           31%        N/A       97%         8
 Summon Hydra             Summ           13%        N/A       100%        7
 Discord                  Hex            10%        N/A       100%        8
 Lehudib's Crystal Spear  Conj/Erth      25%        10d7      100%        8
 Fire Storm               Conj/Fire      20%        8d5       100%        9


Dungeon Overview and Level Annotations

Branches:
Dungeon (12/15)            Temple (0/1) D:4            Lair (5/5) D:8
  Swamp (0/4) Lair:2        Snake (0/4) Lair:2        Slime (0/5) Lair:5
    Orc (1/2) D:10          Sewer (visited)           IceCv (1/1)

Altars:
Ashenzari
Dithmenos
Fedhas
Gozag
Ru
Sif Muna
Wu Jian

Shops:
D:6 *   D:9 ?   D:10 =

Annotations:
D:3 2 runed translucent doors, cowcol's ghost, amateur MiFi
D:9 exclusion: ice statue


Message History

Press: ? - help, Shift-Dir - straight line The ball explodes into a vile cloud!
The stinking cloud engulfs the polar bear but does no damage.
The polar bear is severely wounded.
You hear an angry growl.
The polar bear is engulfed in noxious fumes.
The polar bear rages.
The polar bear is engulfed in noxious fumes.
The polar bear appears confused.
The polar bear is engulfed in noxious fumes.
The polar bear appears confused.
You hear a bellow!
Casting: Mephitic Cloud (safe; 1% risk of failure)
Confirm with . or Enter, or press ? or * to list all spells.
You ignite the poison in your surroundings!
The polar bear seems to burn from within!!!
You kill the polar bear!
Sif Muna accepts your kill.
You howl as the wereblood boils in your veins!
You howl as the wereblood boils in your veins!
You howl as the wereblood boils in your veins!
You feel a little less mighty now.
You see here a +0 scale mail.
You start removing your armour.
You continue taking off your +1 leather armour of resistance. x2
You howl as the wereblood boils in your veins!
You continue taking off your +1 leather armour of resistance. x2
You finish taking off your +1 leather armour of resistance.
You feel hot and cold all over.
You start putting on your armour.
You continue putting on your +4 troll leather armour. x3
You howl as the wereblood boils in your veins!
The ironbound frostheart barely misses you.
You continue putting on your +4 troll leather armour.
The ironbound frostheart misses you.
You continue putting on your +4 troll leather armour.
The ironbound frostheart touches you but does no damage.
The ironbound frostheart calls freezing cold from the walls.
The frost grips you!!
You die...

#.#.## #....#
##.#.## #.###.#
#..##.# ##.#☼.#
#..#.##
###...~##
#@p.#~#~# #
#.p.#~~~# ##
#...##~≈# ##.
#####~~## ###..
###~~# ##....
#~~#~#####...#.
#####~##.#.#.#.
#~#....####
#...#.## #


You could see 2 ironbound frosthearts.

Vanquished Creatures
  Jorgrun (Orc:1)
  Josephine (D:11)
  A hydra (Lair:5)
  Erolcha (D:10)
  A boulder beetle (D:11)
  A two-headed ogre (D:11)
  4 death yaks (IceCv)
  2 deep troll earth magi (D:11)
  A skyshark (Lair:5)
  Amaemon (D:9)
  3 skeletal warriors (D:12)
  Lodul (D:10)
  2 wizards (D:11)
  A bog body (Lair:2)
  7 deep elf pyromancers (D:11)
  Pikel (D:8)
  2 deep elf zephyrmancers (D:11)
  2 ugly things (D:12)
  2 cyclopes
  Maurice (D:10)
  5 black mambas
  An ice statue (IceCv)
  An orange demon (D:9)
  4 cane toads
  A gargoyle (D:12)
  2 rime drakes
  5 kobold demonologists
  2 tengu conjurers (D:11)
  4 komodo dragons
  13 polar bears
  4 trolls
  4 blink frogs (Lair:2)
  2 hornets (D:9)
  5 dream sheep (Lair:5)
  3 slime creatures (D:12)
  7 wraiths
  2 shadows (D:11)
  41 yaks
  4 wyverns
  2 basilisks
  A vampire mosquito (D:6)
  A death yak simulacrum (Lair:5)
  A naga (Lair:2)
  A warg (D:7)
  Duvessa (D:6)
  12 water moccasins
  7 acid dragons
  An ice beast (D:6)
  12 orc warriors
  2 black bears
  3 sky beasts
  25 ogres
  17 wolves
  A centaur (D:10)
  2 kobold brigands
  9 bullfrogs
  7 gnoll sergeants
  A cane toad simulacrum (Lair:5)
  3 scorpions
  7 wights
  Dowan (D:6)
  22 killer bees
  12 howler monkeys
  An electric eel (Lair:1)
  6 jellies
  15 hounds
  12 orc priests
  A sleepcap (D:6)
  5 gnoll boudas
  Jessica (D:2)
  2 iguanas
  20 orc wizards
  A centaur simulacrum (D:7)
  30 gnolls
  10 adders
  A river rat (Sewer)
  A white imp (D:7)
  2 ufetubi
  5 worms
  3 dart slugs
  47 orcs
  12 ball pythons
  11 endoplasms
  16 giant cockroaches
  5 goblins
  14 hobgoblins
  10 jackals
  4 quokkas
  8 bats
  6 frilled lizards
  21 kobolds
  11 rats
578 creatures vanquished.

Vanquished Creatures (collateral kills)
  A killer bee (D:7)
1 creature vanquished.

Vanquished Creatures (others)
  A deep elf pyromancer (D:11)
1 creature vanquished.

Grand Total: 580 creatures vanquished

Notes
Turn   | Place    | Note
-------+----------+-------------------------------------------
     0 | D:1      | Esekla the Deep Elf Hedge Wizard began the quest for the
                  | Orb.
     0 | D:1      | Reached XP level 1. HP: 10/10 MP: 7/7
   208 | D:1      | Reached skill level 5 in Spellcasting
   296 | D:1      | Reached XP level 2. HP: 15/15 MP: 8/10
   585 | D:1      | You fall into a shaft and drop 1 floor!
   611 | D:2      | Noticed Jessica
   632 | D:2      | Identified the +8 dagger of the Growing Messenger {pain,
                  | Str+5 Stlth+}
   807 | D:1      | Reached XP level 3. HP: 19/19 MP: 12/12
   816 | D:1      | Learned a level 2 spell: Blink
   820 | D:1      | Learned a level 3 spell: Mephitic Cloud
  1018 | D:1      | Learned a level 3 spell: Vampiric Draining
  1171 | D:2      | Killed Jessica
  1172 | D:2      | Reached skill level 1 in Poison Magic
  1254 | D:2      | Reached XP level 4. HP: 24/24 MP: 9/13
  1457 | D:1      | Found a faded altar of an unknown god.
  1472 | D:1      | Found a faded altar of an unknown god.
  1771 | D:2      | Reached skill level 6 in Spellcasting
  1884 | D:2      | Reached skill level 1 in Short Blades
  2154 | D:3      | Found an opulent altar of Gozag.
  2154 | D:3      | Found a shimmering blue altar of Sif Muna.
  2190 | D:3      | Found a blossoming altar of Fedhas.
  2227 | D:3      | Learned a level 2 spell: Wereblood
  2234 | D:3      | Reached skill level 1 in Necromancy
  2278 | D:3      | Found a large runed translucent door.
  2279 | D:3      | Found a large runed translucent door.
  2280 | D:3      | Noticed cowcol's ghost (amateur MiFi)
  2620 | D:3      | Reached XP level 5. HP: 28/28 MP: 12/15
  3023 | D:3      | Became a worshipper of Sif Muna the Loreminder
  3072 | D:4      | Found a staircase to the Ecumenical Temple.
  3470 | D:4      | Reached skill level 1 in Air Magic
  3968 | D:4      | Reached skill level 1 in Transmutations
  3968 | D:4      | Reached XP level 6. HP: 32/32 MP: 17/17
  4173 | D:4      | Reached * piety under Sif Muna
  4472 | D:5      | Entered Level 5 of the Dungeon
  4665 | D:5      | Noticed a water moccasin
  4673 | D:5      | Killed a water moccasin
  4674 | D:5      | Reached skill level 1 in Invocations
  4839 | D:5      | Found a glowing drain.
  4896 | Sewer    | Entered a sewer
  4985 | Sewer    | Reached ** piety under Sif Muna
  4986 | Sewer    | Reached XP level 7. HP: 37/37 MP: 17/19
  5269 | Sewer    | Found a viscous altar of Jiyva.
  5756 | D:6      | Reached skill level 7 in Spellcasting
  5898 | D:6      | Found Sonuug's Assorted Antiques.
  6022 | D:6      | Reached skill level 1 in Throwing
  6043 | D:6      | Reached XP level 8. HP: 19/42 MP: 4/21
  6333 | D:6      | Learned a level 2 spell: Poisonous Vapours
  6338 | D:6      | Learned a level 4 spell: Olgreb's Toxic Radiance
  6669 | D:6      | Found a sacrificial altar of Ru.
  6669 | D:6      | Found a broken altar of Ashenzari.
  6721 | D:6      | Noticed Dowan
  6727 | D:6      | Noticed Duvessa
  6853 | D:6      | Killed Duvessa
  6854 | D:6      | Reached skill level 8 in Spellcasting
  6885 | D:6      | Reached *** piety under Sif Muna
  6932 | D:6      | Killed Dowan
  6933 | D:6      | Reached skill level 5 in Necromancy
  7169 | D:6      | Reached skill level 5 in Dodging
  7255 | D:7      | Reached XP level 9. HP: 46/46 MP: 19/23
  7846 | D:7      | Reached skill level 1 in Evocations
  7935 | D:7      | Reached skill level 9 in Spellcasting
  8362 | D:7      | Reached **** piety under Sif Muna
  8611 | D:6      | Bought a fuming golden potion for 26 gold pieces
  8699 | D:7      | Reached skill level 1 in Fighting
  8803 | D:7      | Reached XP level 10. HP: 52/52 MP: 21/25
  8937 | D:7      | Reached skill level 5 in Invocations
  9275 | D:7      | Reached skill level 10 in Spellcasting
  9432 | D:7      | Identified the +1 whip "Pouseop" {venom, +Blink rN+ Int+4}
  9738 | D:7      | Reached ***** piety under Sif Muna
 10015 | D:8      | Received a gift from Sif Muna
 10334 | D:8      | Reached skill level 5 in Poison Magic
 10717 | D:8      | Noticed Pikel
 10723 | D:8      | Killed Pikel
 10724 | D:8      | Reached skill level 1 in Axes
 10724 | D:8      | Reached skill level 11 in Spellcasting
 10901 | D:8      | Found an ornate altar of the Wu Jian Council.
 11353 | D:8      | Reached XP level 11. HP: 53/56 MP: 7/28
 11471 | D:8      | Reached skill level 1 in Armour
 11552 | D:8      | Found a staircase to the Lair.
 11879 | D:9      | Found a shadowy altar of Dithmenos.
 11893 | D:9      | Received a gift from Sif Muna
 11894 | D:9      | Got Sif Muna's Handbook of Relocation and Obstruction {god
                  | gift}
 12104 | D:9      | Noticed Amaemon
 12125 | D:9      | Killed Amaemon
 12126 | D:9      | Reached skill level 12 in Spellcasting
 12419 | D:9      | Learned a level 4 spell: Airstrike
 12705 | D:9      | Reached skill level 5 in Stealth
 12705 | D:9      | Found Deeloza's Magic Scroll Boutique.
 12747 | D:9      | Bought a scroll of magic mapping for 105 gold pieces
 12747 | D:9      | Bought a scroll of identify for 28 gold pieces
 12814 | D:9      | Bought a scroll of enchant armour for 105 gold pieces
 13137 | D:10     | Entered Level 10 of the Dungeon
 13145 | D:10     | Noticed Erolcha
 13158 | Abyss:2  | Found a corrupted altar of Lugonu.
 13158 | Abyss:2  | Cast into level 2 of the Abyss (Erolcha)
 13196 | Abyss:2  | Noticed a thrashing horror
 13256 | Abyss:2  | Noticed a deep elf sorcerer
 13264 | Abyss:3  | Noticed a starcursed mass
 13282 | D:10     | Escaped the Abyss
 13313 | D:10     | Killed Erolcha
 13397 | D:10     | Noticed Maurice
 13522 | D:10     | Noticed Lodul
 13663 | D:10     | Reached skill level 5 in Axes
 13665 | D:10     | Reached skill level 1 in Earth Magic
 13677 | D:10     | Killed Maurice
 13709 | D:10     | Killed Lodul
 13745 | D:10     | Found Detzonaa's Jewellery Emporium.
 14027 | D:10     | Found a staircase to the Orcish Mines.
 14176 | D:11     | Noticed Josephine
 14314 | Lair:1   | Entered Level 1 of the Lair of Beasts
 14350 | Lair:1   | Reached XP level 12. HP: 36/62 MP: 18/30
 14541 | Lair:1   | Reached skill level 13 in Spellcasting
 14750 | Lair:1   | Received a gift from Sif Muna
 14764 | Lair:1   | Got Dulautz's Tome of the Shot and Ignition {god gift}
 15030 | Lair:1   | Learned a level 4 spell: Dispel Undead
 15271 | Lair:2   | Found a staircase to the Snake Pit.
 15354 | Lair:2   | Learned a level 2 spell: Searing Ray
 15410 | Lair:2   | Reached skill level 1 in Ice Magic
 15566 | Lair:2   | Found the +8 whip "Snakebite" {venom, curare, rPois}
 15961 | Lair:2   | Found a staircase to the Swamp.
 16425 | Lair:3   | Learned a level 5 spell: Freezing Cloud
 16684 | Lair:3   | Identified the +7 long sword of Exquisite Torment {elec,
                  | rElec rC+ Dex-2}
 17264 | Orc:1    | Entered Level 1 of the Orcish Mines
 17291 | Orc:1    | Noticed Jorgrun
 17323 | Orc:1    | Killed Jorgrun
 18078 | D:11     | Reached skill level 14 in Spellcasting
 18089 | D:11     | Killed Josephine
 18097 | D:11     | Noticed a two-headed ogre
 18123 | D:11     | Killed a two-headed ogre
 18124 | D:11     | Reached XP level 13. HP: 35/68 MP: 15/33
 18205 | D:11     | Received a gift from Sif Muna
 18206 | D:11     | Got Sif Muna's Catalogue of Flaming Changing {god gift}
 18566 | D:11     | Reached skill level 5 in Air Magic
 18720 | D:11     | Got Terauv's Atlas of Conjuring
 18734 | D:11     | Got the Secrets of Malediction and Cold
 18744 | D:11     | Found a shimmering blue altar of Sif Muna.
 18762 | D:11     | Got the Anthology of Mutated Misfortune
 18773 | D:11     | Learned a level 3 spell: Ignite Poison
 18777 | D:11     | Got the Compendium of Bloody Command
 18930 | D:11     | Reached skill level 5 in Conjurations
 18934 | D:11     | Reached skill level 10 in Dodging
 18934 | D:11     | Reached skill level 15 in Spellcasting
 18950 | D:11     | Identified the ring of the Dropbear {Fire Int+2}
 19146 | D:11     | Got the Notes on United Cold
 19165 | D:11     | Got the Information on the Shifting Cwm
 19170 | D:11     | Learned a level 3 spell: Vhi's Electric Charge
 19172 | D:11     | Learned a level 1 spell: Apportation
 19293 | D:12     | Found a broken altar of Ashenzari.
 20204 | D:12     | Reached skill level 5 in Earth Magic
 20683 | Lair:4   | Received a gift from Sif Muna
 20684 | Lair:4   | Got Sif Muna's Book of Wounds {god gift}
 20885 | Lair:4   | You fall into a shaft and drop 1 floor!
 20885 | Lair:5   | Entered Level 5 of the Lair of Beasts
 20891 | Lair:5   | Learned a level 4 spell: Sticky Flame
 20972 | Lair:5   | Reached skill level 16 in Spellcasting
 21091 | Lair:5   | Found a frozen archway.
 21157 | Lair:5   | Reached XP level 14. HP: 49/72 MP: 18/36
 21243 | IceCv    | Entered an ice cave
 21387 | IceCv    | Reached skill level 1 in Fire Magic
 21710 | IceCv    | Killed from afar by an ironbound frostheart

Illustrated notes

Levels and vault maps discovered:
D:1:      dpeg_arrival_windows_large_door, layout_loops_ring,
          hellmonk_ecumenical_altar_the_god_not_taken
D:2:      layout_basic, solitary_fountain, kennysheep_jessica_study
D:3:      layout_loops_corners, chequers_temple_overflow_statue_of_worship,
          fedhas_altar_1, ebering_ghost_disaster_area
D:4:      layout_loops_corners, minmay_temple_entry_trees,
          minmay_misc_feat_nine_boxes
D:5:      layout_basic, portal_sewer_entry_b
D:6:      layout_cave_pools, gammafunk_temple_overflow_statue,
          serial_gnoll_camp, gnoll_camp_mini_hut, gnoll_camp_mini_loothouse,
          gnoll_camp_mini_sergeant, gnoll_camp_mini_hut, gnoll_camp_mini_house,
          gnoll_camp_mini_shop, minmay_misc_feat_x, uniq_duvessa
D:7:      lemuel_castle_with_subvaults [lemuel_castle_interior_original],
          layout_cave_pools, nrook_loot_triangle, ebering_dispersal_statue_hall,
          minmay_manual_moon
D:8:      kennysheep_housing_project, layout_basic,
          pdpol_wu_jian_five_deadly_venoms, erik_lair_dragon,
          corexii_hall_statues_u, uniq_pikel
D:9:      layout_basic, nicolae_dithmenos_through_a_glass_darkly, serial_shops,
          shop, minivault_15, uniq_amaemon
D:10:     layout_rooms, orc_0_dummy, serial_shops,
          nicolae_shop_just_a_little_nook, uniq_erolcha, uniq_lodul,
          uniq_maurice
D:11:     evilmike_library_of_no_secrets, layout_cave_pools, uniq_josephine
D:12:     layout_roguey, ashenzari_altar_1
Lair:1:   layout_concentric_octagons, st_stairs_10, infiniplex_staircase_pool,
          grunt_megastairs_3, serial_bayou_shore_b, serial_bayou_shore_b
Lair:2:   minmay_guarded_unrand_snakebite, layout_regular_city,
          skrybe_swamp_entry_bodies, guppyfry_snake_entry_island,
          lemuel_fruit_tree, serial_bayou_shore_a, infiniplex_staircase_pool_2,
          grunt_megastairs_4
Lair:3:   layout_long_grid, hangedman_lair_unloving_vines
Lair:4:   cheibrodos_lair_river_kwai, layout_regular_city,
          grunt_forest_stairs_basic, uniq_sonja
Lair:5:   cheibrodos_lair_end_hotspot, layout_regular_city, slime_entry_1,
          ebering_ghost_funeral_grove, portal_ice_cave_entry_ice_simulacra
Orc:1:    layout_caves, basic_altar, uniq_jorgrun
IceCv:    ice_cave_caverns_03

Skill      XL: |  1  2  3  4  5  6  7  8  9 10 11 12 13 14 |
---------------+-------------------------------------------+-----
Spellcasting   | 5 6 7 8 9 11 12 14 16 | 16.7
Poison Magic   | 1 2 3 4 5 |  5.0
Short Blades   | 1 2 3 4 |  4.0
Stealth        | 3 4 5 6 |  6.7
Dodging        | 3 4 5 7 8 9 10 | 10.7
Necromancy     | 1 2 3 5 6 7 8 9 |  9.5
Air Magic      | 1 2 3 4 5 |  5.8
Transmutations | 1 2 3 4 |  4.5
Invocations    | 1 2 3 4 5 |  5.2
Conjurations   | 2 4 5 6 |  6.4
Throwing       | 1 2 3 |  3.8
Evocations     | 1 |  1.1
Fighting       | 1 2 |  2.7
Axes           | 2 6 8 9 |  9.7
Armour         | 2 4 |  4.3
Earth Magic    | 2 3 5 |  5.9
Translocations | 2 |  2.5
Ice Magic      | 3 4 |  4.6
Fire Magic     | 1 |  1.2
Summonings     | |  1.1

Action                     |  1- 3 |  4- 6 |  7- 9 | 10-12 | 13-15 || total
---------------------------+-------+-------+-------+-------+-------++-------
  Melee: Dagger            |    47 |   162 |   198 |   110 |    36 ||   553
         Punch             |     1 |     1 |     4 |     8 |     3 ||    17
         War axe           |       |       |       |   464 |   160 ||   624
         Whip              |       |       |       |     2 |       ||     2
         Long sword        |       |       |       |       |     1 ||     1
  Throw: Dart              |       |     7 |    78 |     7 |       ||    92
         Javelin           |       |       |     6 |     9 |       ||    15
         Boomerang         |       |       |       |    16 |       ||    16
         Throwing net      |       |       |       |     1 |       ||     1
   Cast: Magic Dart        |    50 |    59 |    15 |       |       ||   124
         Mephitic Cloud    |     1 |     4 |    22 |    45 |    15 ||    87
         Blink             |       |     5 |     6 |    12 |     3 ||    26
         Wereblood         |       |     1 |       |    26 |    15 ||    42
         Vampiric Draining |       |       |    44 |    56 |    11 ||   111
         Poisonous Vapours |       |       |     6 |    38 |    22 ||    66
         Olgreb's Toxic Ra |       |       |       |    44 |    24 ||    68
         Dispel Undead     |       |       |       |     9 |    10 ||    19
         Ignite Poison     |       |       |       |       |    17 ||    17
         Freezing Cloud    |       |       |       |       |     8 ||     8
         Sticky Flame      |       |       |       |       |     6 ||     6
         Airstrike         |       |       |       |       |     4 ||     4
         Searing Ray       |       |       |       |       |     3 ||     3
         Vhi's Electric Ch |       |       |       |       |     2 ||     2
         Apportation       |       |       |       |       |     1 ||     1
 Invoke: Channel Magic     |       |       |       |     1 |       ||     1
  Evoke: Wand              |       |       |     4 |     2 |       ||     6
    Use: Scroll            |       |     5 |     7 |    14 |     4 ||    30
         Potion            |       |       |     2 |    10 |     4 ||    16
   Stab: Sleeping          |     5 |    17 |     8 |    12 |     9 ||    51
         Distracted        |     2 |       |       |     1 |     1 ||     4
         Confused          |       |     1 |     9 |    26 |     5 ||    41
 Armour: Robe              |     3 |    28 |    39 |     7 |       ||    77
         Troll leather arm |       |       |       |   243 |   111 ||   354
         Leather armour    |       |       |       |       |     2 ||     2
         Skin              |       |       |       |       |     1 ||     1
  Dodge: Dodged            |    41 |    83 |   145 |   584 |   196 ||  1049
